[Event "St Kilda East and Caulfield Chess Club T3 2025 Under 1600 Mondays"]
[Site "St Kilda East, Australia"]
[Date "2025.08.18"]
[Round "4.5"]
[White "Fineberg, Leo"]
[Black "Karboulahanos, Kris"]
[Result "1/2-1/2"]
[TimeControl "60 minutes per player per game plus 10 secionds per move from move one"]
[WhiteElo "631"]
[BlackElo "1029"]

1. e4 e6 2. d4 d5 3. Nc3 Bb4 4. e5 h6 5. Nf3 Bxc3+ 6. bxc3 Ne7 7. c4 c6 8. Be2 dxc4 9. Bxc4 b5 10.
Bb3 O-O 11. O-O Bb7 12. Ba3 a5 13. c3 a4 14. Bc2 Re8 15. Rb1 Nd5 16. Qd2 Qd7 17. Be4 f5 18. Bd3 Qf7 19. Rfd1 Na6 20.
Qb2 Nf4 21. Be2 Qg6 22. g3 Qg4 23. Re1 c5 24. Nh4 Nh3+ 25. Kf1 Qe4 26. Bf3 Qd3+ 27. Be2 Qe4 28. Bf3 Qd3+ 29. Be2 Qe4 30.
Bf3 Qd3+ 31. Be2 1/2-1/2

[Event "St Kilda East and Caulfield Chess Club T3 2025 Under 1600 Mondays"]
[Site "St Kilda East, Australia"]
[Date "2025.08.18"]
[Round "4.7"]
[White "Yong, Leonard"]
[Black "Le, Oscar"]
[Result "1-0"]
[TimeControl "60 minutes per player per game plus 10 secionds per move from move one"]
[WhiteElo "449"]
[BlackElo "910"]

1. e4 e5 2. Nf3 Nc6 3. Nc3 Nf6 4. Bb5 a6 5. Bxc6 bxc6 6. Nxe5 Bd6 7. Nc4 Qe7 8. d4 Nxe4 9. O-O O-O 10. Re1 Nxc3 11. bxc3 Qh4 12. Nxd6 cxd6 13. Ba3 Qf6 14. Rb1 Ra7 15.
Qe2 h6 16. Rb8 Rb7 17. Ra8 Rb5 18. Qe4 Ra5 19. Bb4 Rxa2 20. Rb8 a5 21. Ra8 c5 22. Bxa5 cxd4 23. cxd4 Ra4 24. c3 Qg5 25.
Bd8 Rxd8 26. Rxa4 Qb5 27. Rb4 Qa5 28. Rb8 Qxc3 29. Ra8 g6 30. h3 Kg7 31. Ra2 Qb3 32. Rd2 Bb7 33. d5 Rc8 34.
Qf4 Bxd5 35. Qd4+ Kg8 36. Qf6 Be6 37. Rd4 Qc3 38. Re3 Qa1+ 39. Kh2 Rc2 40. Rf4 Qc1 41. Rxe6 Qxf4+ 42. Qxf4 dxe6 43.
Qxd6 Rxf2 44. Qd8+ Kg7 45. Qd4+ Rf6 46. g4 g5 47. Qe5 Kg6 48.
Qe4+ Kg7 49. Kg3 Kf8 50. Qe5 Kg7 51. h4 gxh4+ 52. Kxh4 Kg6 53. Qh5+ Kg7 54. g5 hxg5+ 55.
Qxg5+ Rg6 56. Qe5+ Rf6 57. Kg5 Kf8 58. Qxf6 Kg8 59. Kh6 e5 60. Qg7# 1-0

[Event "St Kilda East and Caulfield Chess Club T3 2025 Under 1600 Mondays"]
[Site "St Kilda East, Australia"]
[Date "2025.08.18"]
[Round "4.3"]
[White "Beckman, John"]
[Black "Nakada, Kazu"]
[Result "1/2-1/2"]
[TimeControl "60 minutes per player per game plus 10 secionds per move from move one"]
[WhiteElo "1201"]
[BlackElo "605"]

1. e4 e5 2. Bc4 Nf6 3. d3 Bc5 4. f4 d6 5. f5 d5 6. exd5 Nxd5 7. Qf3 Nb6 8. Bb3 a5 9. a3 Nc6 10. c3 Qf6 11. g4 Bd7 12. Nd2 Qh4+ 13. Qg3 Qxg3+ 14. hxg3 h5 15. Ne4 Bxg1 16. Rxg1 hxg4 17.
f6 g6 18. Ng5 Rf8 19. Be3 a4 20. Ba2 Ra5 21. b4 axb3 22. Bxb3 Bf5 23. Ne4 Nd5 24. Bc5 Rh8 25. Bxd5 Bxe4 26.
Bxc6+ Bxc6 27. Bb4 Rd5 28. O-O-O Rh2 29. Rd2 Rxd2 30. Kxd2 e4 31. d4 Rf5 32. Be7 Rf2+ 33. Ke3 Rf3+ 34.
Kd2 e3+ 35. Kd3 Bb5+ 36. c4 e2+ 37. Kxe2 Bxc4+ 38. Ke1 Rd3 39. Rh1 Rxg3 40. Rh8+ Kd7 41. Rd8+ Kc6 42. Kf2 Rf3+ 43. Kg2 Bf1+ 44.
Kg1 g3 45. d5+ Kb6 46. d6 g2 47. dxc7 Kxc7 48.
Rh8 g5 49. Rg8 Rg3 50. Rg7 Kc6 51. Bb4 Bc4 52. Rh7 Bd5 53. Rh5 g4 54. Rh2 Rh3 55. Rxh3 gxh3 56. Be1 Kb5 57. Kh2 Kc4 58. Bf2 Be6 59.
Be1 Kd3 60. Bb4 Ke2 61. Bc5 Kf3 62. a4 Ke4 63. a5 Kf5 64. Be7 Ke4 65. Bd8 Bc4 66. Be7 Kf3 67. Bc5 1/2-1/2

[Event "St Kilda East and Caulfield Chess Club T3 2025 Under 1600 Mondays"]
[Site "St Kilda East, Australia"]
[Date "2025.08.18"]
[Round "4.2"]
[White "Wang, Noah"]
[Black "Hennessy, Rob"]
[Result "1-0"]
[TimeControl "60 minutes per player per game plus 10 secionds per move from move one"]
[WhiteElo "913"]
[BlackElo "979"]

1. e4 e5 2. Nf3 Nc6 3. d4 exd4 4. Nxd4 d5 5. Bb5 Nge7 6. exd5 Qxd5 7. O-O Bd7 8. Nxc6 Qxd1 9. Rxd1 Bxc6 10.
Nc3 a6 11. Bxc6+ Nxc6 12. Bf4 Nb4 13. Nd5 Nxd5 14. Rxd5 c6 15. Re1+ Be7 16. Rde5 O-O-O 17. Rxe7 Rd7 18. Re8+ Rd8 19.
Rxh8 Rxh8 20. f3 Rd8 21. Re7 Rd7 22. Re8+ Rd8 23. Rxd8+ Kxd8 24. Kf2 h6 25. Ke3 g5 26. Be5 Ke7 27.
Kd4 f6 28. Bg3 f5 29. Kc5 f4 30. Bf2 Kd7 31. Bd4 Kc8 32. Bg7 h5 33. h3 Kc7 34. Bh6 b6+ 35. Kc4 b5+ 36. Kc5 g4 37.
fxg4 hxg4 38. hxg4 Kd6+ 39. Kd5+ Kxd5 1-0

[Event "St Kilda East and Caulfield Chess Club T3 2025 Under 1600 Mondays"]
[Site "St Kilda East, Australia"]
[Date "2025.08.18"]
[Round "4.4"]
[White "Budianto, Youshan"]
[Black "Gordon, Samuel"]
[Result "1-0"]
[TimeControl "60 minutes per player per game plus 10 secionds per move from move one"]
[WhiteElo "1032"]
[BlackElo "526"]

1. e4 e5 2. Nf3 Nc6 3. Bc4 d6 4. d4 Bg4 5. Bxf7+ Kxf7 6. Ng5+ Ke8 7. Qxg4 Nxd4 8. Qd1 Be7 9.
Nf3 Nxf3+ 10. Qxf3 Nf6 11. O-O Rf8 12. Nc3 c6 13. Be3 Kd7 14. Qh3+ Kc7 15. Rad1 Qe8 16. b4 d5 17. exd5 Bxb4 18. dxc6 bxc6 19.
Na4 Qg6 20. Nc5 Bxc5 21. Bxc5 Rfd8 22. Qe6 Rxd1 23. Qxe5+ Kb7 24. Rxd1 Qxc2 25. Qd4 Re8 26. Qb4+ Ka6 27. Rb1 Qxb1+ 28. Qxb1 Re5 29. Bd4 Rb5 30. Qd3 Kb7 31. g3 Rd5 32. Qb3+ Rb5 33. Qf7+ 1-0

[Event "St Kilda East and Caulfield Chess Club T3 2025 Under 1600 Mondays"]
[Site "St Kilda East, Australia"]
[Date "2025.08.18"]
[Round "4.8"]
[White "Salama, John"]
[Black "Feng, Austin"]
[Result "1-0"]
[TimeControl "60 minutes per player per game plus 10 secionds per move from move one"]
[WhiteElo "1296"]
[BlackElo "448"]

1. d4 Nf6 2. Nf3 g6 3. e3 Bg7 4. Bd3 O-O 5. O-O d6 6. c3 Nc6 7. e4 e5 8. d5 Ne7 9. h3 c6 10. c4 cxd5 11. cxd5 Bd7 12.
Be3 Qa5 13. Nc3 Rac8 14. a3 Ba4 15. Qd2 Bb3 16. Nb5 Qa6 17. Nc7 Qa4 18. Bb5 Qxe4 19. Bd3 Qa4 20. Bb5 Ne4 21. Qe1 Qc4 22.
Bxc4 Bxc4 23. Rc1 Rxc7 24. b3 Bxf1 25. Rxc7 Bxg2 26. Kxg2 Nxd5 27. Rxb7 f5 28. Bxa7 Nf4+ 29. Kh2 d5 30.
Rb8 d4 31. Rxf8+ Kxf8 32. Qb4+ Kg8 33. Qb8+ Bf8 34. Nxe5 d3 35. Nd7 Ne6 36. Nxf8 Nxf8 37. Qd8 d2 38. Be3 1-0

[Event "St Kilda East and Caulfield Chess Club T3 2025 Under 1600 Mondays"]
[Site "St Kilda East, Australia"]
[Date "2025.08.18"]
[Round "4.1"]
[White "Nash, Paul"]
[Black "O'Connor, Alistair"]
[Result "0-1"]
[TimeControl "60 minutes per player per game plus 10 secionds per move from move one"]
[WhiteElo "1009"]
[BlackElo "1053"]

1. e4 e6 2. d4 d5 3. e5 Bd7 4. Nf3 a6 5. a4 c5 6. c3 Nc6 7. Bd3 Nge7 8. Bg5 Qb6 9. dxc5 Qxc5 10.
Be3 Qa5 11. b4 Qc7 12. a5 Nxe5 13. Nxe5 Qxe5 14. O-O Nf5 15. Bxf5 Qxf5 16. Nd2 Bd6 17. Nf3 O-O 18. c4 Bc6 19.
Qd4 e5 20. Qc3 d4 21. Bxd4 exd4 22. Nxd4 Qh5 23. f4 Rfe8 24. Nxc6 bxc6 25. Rae1 Rxe1 26. Rxe1 Bxf4 27. g3 Qg5 28.
Qf3 Bd2 29. Qxc6 Rf8 30. Re8 Bxb4 31. Rxf8+ Bxf8 32. Qxa6 g6 33. Qa8 Kg7 34. a6 Bc5+ 35. Kg2 Qd2+ 36. Kh3 Qd4 37. Qc8 h5 38.
Kg2 Qf2+ 39. Kh3 Qf1+ 40. Kh4 Be7# 0-1